 Dungeon Crawl Stone Soup version 0.32-a0-350-g4f4d228 (webtiles) character file.

Game seed: 5357468840257772433

736 staltz the Ruffian (level 8, -1/54 HPs)
             Began as a Djinni Shapeshifter on Feb 17, 2024.
             Was an Initiate of Elyvilon.
             Slain by a bullfrog (3 damage)
             ... in a sewer.
             The game lasted 00:13:34 (3887 turns).

staltz the Ruffian (Djinni Shapeshifter)            Turns: 3887, Time: 00:13:35

Health: -1/54      AC:  5    Str: 13    XL:     8   Next: 4%
Gold:   200        EV: 13    Int:  9    God:    Elyvilon [......] SH:  0 Dex: 22

rFire   + +          .
                       - Unarmed
rCold   x . .        (no shield)
rNeg    . . .        n - +0 ring mail
rPois   ∞            (helmet currently unavailable)
rElec   .            (cloak currently unavailable)
rCorr   .            (gloves currently unavailable)
SInv    .            (boots unavailable)
Will    .....        (no amulet)
Stlth   +            p - ring of wizardry
HPRegen 0.29/turn    (no ring)
MPRegen 0.00/turn

%: wizardry (x1), infuse magic (-2 HP)
@: beast-form, flying
A: beast (slay +2), flying, sickness immunity, fire resistance 2, cold
vulnerability 1, float, innate caster, HP casting, extra vitality 1, agile 2
a: Begin Untransformation, Renounce Religion


You were in a sewer.
You worshipped Elyvilon.
Elyvilon was noncommittal.
You were a hulking beast.
You visited 2 branches of the dungeon, and saw 5 of its levels.
You also visited: Sewer.

You collected 200 gold pieces.

Inventory:

Armour
 a - a +0 animal skin
 n - a +0 ring mail (worn)
Jewellery
 p - a ring of wizardry (left hand)
Talismans
 c - a beast talisman (active)
 d - a flux talisman
Wands
 q - a wand of charming (7)
Potions
 f - a potion of haste
 h - a potion of cancellation
 j - 2 potions of degeneration


   Skills:
 + Level 2.2 Fighting
 + Level 1.8 Armour
 + Level 3.9 Dodging
 + Level 0.8 Stealth
 + Level 6.6 Unarmed Combat
 + Level 0.3 Evocations
 + Level 3.9 Shapeshifting


You knew the following spells:

 Your Spells              Type           Power      Damage    Failure   Level
a - Magic Dart            Conj           0%         1d3       32%         1
b - Jinxbite              Hex            0%         N/A       45%         2
c - Summon Ice Beast      Ice/Summ       0%         N/A       67%         3
Your spell library was empty.

Dungeon Overview and Level Annotations

Branches:
Dungeon (4/15)             Temple (1/1) D:4           Sewer (1/1)

Altars:
Cheibriados
Elyvilon
Fedhas
Gozag
Hepliaklqana
Makhleb
Qazlal
Ru
Uskayaw
Zin

Shops:
D:2 [:(

Annotations:
D:4 Eustachio


Innate Abilities, Weirdness & Mutations

You are a hulking beast.
Your limbs bulge with bestial killing power. (Slay +2)
You are flying.
You are immune to sickness and miasma.
You are immune to poison.
Your flesh is very heat resistant. (rF++)
You are vulnerable to cold. (rC-)
You float through the air rather than walking.
You learn spells naturally, not from books.
Your magical power is your life essence.
You have superior vitality. (+4 MHP)
You are very agile. (Dex +8, Str/Int -2)


Message History

The bullfrog hits you but does no damage.
You closely miss the bullfrog.
The bullfrog is heavily wounded.
The bullfrog hits you but does no damage.
The adder closely misses you. The bullfrog barely misses you.
The adder misses you.
You hit the bullfrog.
The bullfrog is heavily wounded.
The bullfrog hits you but does no damage.
The adder bites you but does no damage.
You closely miss the bullfrog.
The bullfrog is heavily wounded.
The bullfrog hits you!
* * * LOW HITPOINT WARNING * * *
The adder closely misses you. The bullfrog hits you.
* * * LOW HITPOINT WARNING * * *
You hit the bullfrog.
The bullfrog is severely wounded.
The adder barely misses you.
The bullfrog hits you but does no damage.
You barely miss the bullfrog.
The bullfrog is severely wounded.
The bullfrog hits you.
* * * LOW HITPOINT WARNING * * *
The adder barely misses you.
You closely miss the bullfrog.
The bullfrog is severely wounded.
The bullfrog barely misses you. The adder bites you but does no damage.
The bullfrog hits you.
* * * LOW HITPOINT WARNING * * *
Unknown command.
Okay, then.
You aren't carrying any scrolls.
Unknown command.
Okay, then.
Aiming: Charm
Press: ? - help, Shift-Dir - straight line, f - adder
Aim: an adder (chance to affect: 58%)
The adder is charmed.
The bullfrog hits you.
You die...

~.~##.~~##≈~~...~~ ##~~~##~~~#
..~#~~.~#≈~~.?[$. #~.~~#†~~#
.~~#~.~.#~~.?!?. #~~.~#~~~#
~~~#..~~#~.F~$~ #~~~~#~~~#
~.~##~~~#~~~.~ ##~~~##††~#
.~~~#~~.#.~.. ##†~.~#~~~~#
#~~~##~~##..# ###~~~~##.~~##
#.~..##~~#~.#######..~~~##~~~~#
##.~~~#~.##†..BFh~~~~~###~~.~##
##.~.†~~~#..†~S~.~####~.~~~##
####.~~#######.∩~#~~.~.~.##
##~~#~~~~~#####~†~~#####
####~~†~.~.†.~.####~~∩#
#~~~#########~...~##
#~~~~~~~~~~~†.∩.###
#..~~~~.~~~.##### #############


You could see a bullfrog, a giant cockroach and a friendly adder (charmed).

Vanquished Creatures
  A black bear (D:4)
  2 bullfrogs
  A bombardier beetle (D:3)
  A hound (D:4)
  A jelly (D:4)
  An orc priest (D:3)
  Terence (D:3)
  An iguana (D:4)
  8 adders
  A river rat (D:4)
  2 ufetubi (D:4)
  12 dart slugs
  4 ribbon worms
  6 orcs (D:3)
  10 endoplasms
  9 giant cockroaches
  9 goblins
  5 hobgoblins
  5 jackals
  3 quokkas
  12 ball pythons
  3 bats
  13 frilled lizards
  8 kobolds
  9 rats
128 creatures vanquished.

Vanquished Creatures (others)
  An adder (D:4)
  A giant cockroach (D:4)
  A ball python (D:4)
3 creatures vanquished.

Grand Total: 131 creatures vanquished

Notes
Turn   | Place    | Note
-------+----------+-------------------------------------------
     0 | D:1      | staltz the Djinni Shapeshifter began the quest for the Orb.
     0 | D:1      | Reached XP level 1. HP: 17/17 MP: 0/0
    77 | D:1      | Reached XP level 2. HP: 22/22 MP: 0/0
   359 | D:1      | Reached XP level 3. HP: 27/27 MP: 0/0
   359 | D:1      | Learned a level 1 spell: Magic Dart
   577 | D:1      | Found a faded altar of an unknown god.
  1104 | D:2      | Found Juhit's Antique Armour Shoppe.
  1186 | D:2      | Found Sosirhoo's Vocational Training.
  1430 | D:2      | Reached XP level 4. HP: 31/32 MP: 0/0
  1586 | D:2      | Found Ryzag's Antique Weapon Shoppe.
  2031 | D:3      | Reached skill level 4 in Unarmed Combat
  2076 | D:3      | Noticed Terence
  2090 | D:3      | Killed Terence
  2091 | D:3      | Reached XP level 5. HP: 19/37 MP: 0/0
  2091 | D:3      | Learned a level 2 spell: Jinxbite
  2243 | D:3      | Found a sacrificial altar of Ru.
  2482 | D:3      | Reached XP level 6. HP: 42/42 MP: 0/0
  2799 | D:3      | Reached skill level 5 in Unarmed Combat
  2938 | D:4      | Found a staircase to the Ecumenical Temple.
  2965 | Temple   | Entered the Ecumenical Temple
  3076 | Temple   | Became a worshipper of Elyvilon the Healer
  3101 | D:4      | Noticed a black bear
  3112 | D:4      | Noticed Eustachio
  3130 | D:4      | Reached XP level 7. HP: 33/48 MP: 0/0
  3130 | D:4      | Learned a level 3 spell: Summon Ice Beast
  3136 | D:4      | Reached skill level 1 in Armour
  3236 | D:4      | Reached skill level 6 in Unarmed Combat
  3275 | D:4      | Gained mutation: You are agile. (Dex +4, Str/Int -1)
                  | [potion of mutation]
  3275 | D:4      | Gained mutation: You are very agile. (Dex +8, Str/Int -2)
                  | [potion of mutation]
  3289 | D:4      | Found a glowing drain.
  3297 | Sewer    | Entered a sewer
  3872 | Sewer    | Reached XP level 8. HP: 37/54 MP: 0/0
  3886 | Sewer    | HP: 2/54 [bullfrog (6)]
  3887 | Sewer    | Slain by a bullfrog

Illustrated notes

Levels and vault maps discovered:
D:1:      scummos_arrival_checkerplants, layout_basic,
          shapermc_ecumenical_altar_petra, serial_bayou_pond_c,
          serial_bayou_lagoon_b
D:2:      layout_basic, serial_shops, shop, shop, nicolae_shop_vocational
D:3:      layout_basic, mainiacjoe_overflow_alcove_4, nrook_mini_vaults,
          minivault_25, wander_ebering_terrifying_dragon_lair, uniq_terence
D:4:      layout_cave_pools, minmay_temple_entry_butterflies,
          gup_sewer_entry_bubbles, minmay_tree_intersection, uniq_eustachio
Temple:   hellmonk_temple_two_chambers
Sewer:    sewer_frog_island_02

Skill      XL: |  1  2  3  4  5  6  7 |
---------------+----------------------+-----
Shapeshifting  | 3 |  3.9
Unarmed Combat | 4 5 6 |  6.6
Dodging        | 3 |  3.9
Fighting       | 2 |  2.2
Armour         | 1 |  1.8
Stealth        | |  0.8
Evocations     | |  0.3

Action                     |  1- 3 |  4- 6 |  7- 9 || total
---------------------------+-------+-------+-------++-------
  Melee: Unarmed           |    78 |   142 |   151 ||   371
         Punch             |     4 |     2 |     5 ||    11
  Throw: Dart              |       |     3 |     5 ||     8
  Evoke: Wand              |       |     2 |     3 ||     5
    Use: Potion            |       |     2 |     3 ||     5
         Scroll            |       |     1 |     7 ||     8
   Stab: Sleeping          |       |     1 |       ||     1
 Armour: Animal skin       |    38 |    29 |       ||    67
         Skin              |       |     6 |       ||     6
         Ring mail         |       |    68 |    89 ||   157
  Dodge: Dodged            |    46 |    95 |    98 ||   239

Table legend: (Time is in decaauts)
 A = Elapsed time spent in this place.
 B = Non-inter-level travel time spent in this place.
 C = Inter-level travel time spent in this place.
 D = Time resting spent in this place.
 E = Time spent auto-exploring this place.
 F = Levels seen in this place.
 G = Mean time per level.
                   A        B        C        D        E       F      G
               +--------+--------+--------+--------+--------+-----+--------+
         Total |   3835 |   3728 |    107 |    666 |   1786 |   6 |  639.2 |
       Dungeon |   3142 |   3035 |    107 |    376 |   1657 |   4 |  785.5 |
        Temple |    117 |    117 |      0 |     96 |      0 |   1 |  117.0 |
         Sewer |    575 |    575 |      0 |    194 |    129 |   1 |  575.0 |
               +--------+--------+--------+--------+--------+-----+--------+

Top non-repeatable levels by time:
     D:3: 1025 daAuts
     D:2: 945 daAuts
     D:1: 834 daAuts
   Sewer: 575 daAuts
     D:4: 337 daAuts
  Temple: 117 daAuts
